 Dungeon Crawl Stone Soup version 0.28-a0-401-ge240ad9e29 (webtiles) character file.

Game seed: 17517937600136240062

17119 lunkers the Brawler (level 12, 0/169 HPs)
             Began as a Minotaur Cinder Acolyte on Sept 2, 2021.
             Was a High Priest of Ignis.
             Slain by a cane toad (15 damage)
             ... on level 1 of the Lair of Beasts on Sept 4, 2021.
             The game lasted 00:28:01 (21289 turns).

lunkers the Brawler (Minotaur Cinder Acolyte)      Turns: 21289, Time: 00:28:02

Health: 0/169      AC: 11    Str: 19    XL:     12   Next: 16%
Magic:  12/12      EV:  9    Int: 11    God:    Ignis [*****.]
Gold:   699        SH: 14    Dex:  6    Spells: 11/13 levels left

rFire   + + +      SeeInvis .     - Unarmed
rCold   . . .      Faith    .   B - +0 kite shield
rNeg    . . .      Spirit   .   u - +0 ring mail
rPois   .          Reflect  +   (helmet restricted)
rElec   .          Harm     .   D - +1 cloak {Will+}
rCorr   .          Rampage  .   a - +0 pair of gloves {archery}
Will    +++..                   c - +0 pair of boots of Jigsaw {rF+ Will+ Str-5}
Stlth   ..........              I - amulet of reflection
HPRegen 0.38/turn               G - ring of willpower
MPRegen 0.13/turn               L - ring of protection from fire

@: mighty, berserking, studying Conjurations, very quick
A: horns 2, retaliatory headbutt
a: Renounce Religion, Sea of Fire, Foxfire Swarm, Rising Flame


You were on level 1 of the Lair of Beasts.
You worshipped Ignis.
Ignis was extremely pleased with you.
You visited 2 branches of the dungeon, and saw 12 of its levels.

You collected 871 gold pieces.
You spent 172 gold pieces at shops.

Inventory:

Missiles
 k - 59 poisoned darts
 v - 223 stones (quivered)
 x - 10 boomerangs
 y - 8 silver javelins
 C - 7 curare-tipped darts
Armour
 a - a +0 pair of gloves of archery (worn)
 c - the +0 pair of boots of Jigsaw (worn) {rF+ Will+ Str-5}
   (You acquired it on level 7 of the Dungeon)

   Str:       It affects your strength (-5).
   rF:        It protects you from fire.
   Will:      It increases your willpower.
 j - a scarf of shadows
 r - a +0 tower shield
 u - a +0 ring mail (worn)
 B - a +0 kite shield (worn)
 D - a +1 cloak of willpower (worn)
 F - a +0 pair of boots
 K - the +1 chain mail of the Saviour {Drain rF+ Regen+ Str+3}
   (You found it on level 10 of the Dungeon)

   Str:       It affects your strength (+3).
   rF:        It protects you from fire.
   Regen:     It increases your rate of health regeneration.
   Drain:     It drains your maximum health when unequipped.
Jewellery
 h - a +6 ring of strength
 G - a ring of willpower (left hand)
 I - an amulet of reflection (around neck)
 L - a ring of protection from fire (right hand)
Wands
 E - a wand of flame (26)
 J - a wand of digging (5)
 O - a wand of polymorph (4)
Scrolls
 g - 6 scrolls of amnesia
 l - a scroll of fear
 m - 2 scrolls of teleportation
 o - 2 scrolls of enchant weapon
 p - 2 scrolls of enchant armour
 M - a scroll of holy word
 N - a scroll of blinking
Potions
 b - 3 potions of curing
 d - a potion of resistance
 e - 5 potions of heal wounds
 f - a potion of mutation
 i - 4 potions of flight
 n - 4 potions of lignification
 s - a potion of cancellation {unknown}
 t - 3 potions of brilliance
 w - 2 potions of magic
 z - 5 potions of might
 A - 2 potions of attraction {unknown}
Miscellaneous
 q - a piece from Xom's chessboard (15/15)


   Skills:
 + Level 12.6 Fighting
 + Level 5.8 Armour
 * Level 8.5 Shields
 * Level 15.6 Unarmed Combat
 - Level 1.0 Spellcasting
 - Level 2.1 Fire Magic


You had 11 spell levels left.
You knew the following spells:

 Your Spells              Type           Power      Damage    Failure   Level
p - Scorch                Fire           10%        2d5       58%         2

Your spell library contained the following spells:

 Spells                   Type           Power      Damage    Failure   Level
 Animate Skeleton         Necr           0%         N/A       77%         1
 Corona                   Hex            0%         N/A       77%         1
 Pain                     Necr           0%         1d4       77%         1
 Sandblast                Erth           0%         2d4       77%         1
 Shock                    Conj/Air       0%         1d3       77%         1
 Blink                    Tloc           N/A        N/A       88%         2
 Ensorcelled Hibernation  Hex/Ice        0%         N/A       88%         2
 Passwall                 Tmut/Erth      0%         N/A       88%         2
 Slow                     Hex            0%         N/A       88%         2
 Conjure Flame            Conj/Fire      2%         6-21      93%         3
 Ignite Poison            Fire/Tmut/Pois 2%         N/A       95%         3
 Confusing Touch          Hex            0%         N/A       98%         3
 Dazzling Flash           Conj/Hex       0%         N/A       98%         3
 Lesser Beckoning         Tloc           0%         N/A       98%         3
 Swiftness                Air            0%         N/A       98%         3
 Tukima's Dance           Hex            0%         N/A       98%         3
 Vampiric Draining        Necr           0%         2d6       98%         3
 Airstrike                Air            0%         N/A       100%        4
 Fulminant Prism          Conj/Hex       0%         3d6       100%        4
 Iskenderun's Mystic Bla  Conj/Tloc      0%         2d3       100%        4
 Sticky Flame             Conj/Fire      2%         2d3       100%        4
 Agony                    Necr           0%         N/A       100%        5
 Fireball                 Conj/Fire      1%         3d3       100%        5
 Iskenderun's Battlesphe  Conj           0%         2d6       100%        5
 Lee's Rapid Deconstruct  Erth           0%         3d5*      100%        5
 Manifold Assault         Tloc           0%         N/A       100%        5
 Silence                  Hex/Air        0%         N/A       100%        5
 Summon Forest            Summ/Tloc      0%         N/A       100%        5
 Summon Mana Viper        Hex/Summ       0%         N/A       100%        5
 Conjure Ball Lightning   Conj/Air       0%         3x3d6     100%        6
 Starburst                Conj/Fire      1%         6d3       100%        6
 Summon Cactus Giant      Summ           0%         N/A       100%        6
 Orb of Destruction       Conj           0%         N/A       100%        7
 Ignition                 Fire           2%         3d3       100%        8


Dungeon Overview and Level Annotations

Branches:
Dungeon (11/15)            Temple (0/1) D:4            Lair (1/6) D:8
    Orc (0/2) D:10

Altars:
Cheibriados
Fedhas
Hepliaklqana
Kikubaaqudgha
Makhleb
Trog
Wu Jian
Xom
Zin

Shops:
D:5 (   D:6 [

Annotations:
D:4 2 transporters, CraigForest's ghost, amateur DsAK
D:6 1 runed translucent door, olmar's ghost, novice GnDe
Lair:1 Urug


Innate Abilities, Weirdness & Mutations

You have a pair of horns on your head.
You reflexively headbutt those who attack you in melee.


Message History

The cane toad croaks.
Urug throws a javelin.
The javelin pierces through you.
Found a wand of flame (18) and a scroll of enchant armour.
You hit Urug but do no damage. Your headbutt misses Urug.
You block Urug's attack.
You miss Urug. Your headbutt misses Urug.
Urug squints and screams, "I know a harpy when I see one!"
Urug hits you with a +1 vorpal scimitar!!
* * * LOW HITPOINT WARNING * * *
* * * LOW HITPOINT WARNING * * *
You feel very mighty all of a sudden.
Urug hits you with a +1 vorpal scimitar!!
* * * LOW HITPOINT WARNING * * *
* * * LOW HITPOINT WARNING * * *
A red film seems to cover your vision as you go berserk!
You feel yourself moving faster!
You feel mighty! You block the cane toad's attack. You block Urug's attack.
You punch Urug!
Urug is lightly wounded.
You block the cane toad's attack.
Unknown command.
You closely miss Urug.
Urug is lightly wounded.
Urug hits you with a +1 vorpal scimitar!!
* * * LOW HITPOINT WARNING * * *
* * * LOW HITPOINT WARNING * * *
You block the cane toad's attack.
You hit Urug.
Urug is lightly wounded.
You closely miss Urug.
Urug is lightly wounded.
Urug grins and says, "Time to carve some turkeys."
Urug hits you with a +1 vorpal scimitar.
* * * LOW HITPOINT WARNING * * *
* * * LOW HITPOINT WARNING * * *
The cane toad barely misses you.
You punch Urug!
Urug is moderately wounded.
The cane toad stings you!
You die...

....##.................
......##............_...
..............####......
.............P# #......
.............## ####.#.
/............## #...
.......(......# ###.
......F..###### #.
.....(.@.# #. ......o.##
#. .$......# #.
....(...# #. ..((....#
#. ..(...... ##
........# ......?.#


You could see Urug and a cane toad.

Vanquished Creatures
  A hydra (D:11)
  3 two-headed ogres
  2 manticores
  A cyclops (D:11)
  Maurice (D:9)
  2 gargoyles (D:10)
  A komodo dragon (Lair:1)
  3 trolls
  Grinder (D:4)
  Sigmund (D:3)
  7 spriggans (D:9)
  2 wyverns (D:7)
  3 wraiths
  A vampire (D:11)
  A basilisk (Lair:1)
  15 yaks
  A human (Lair:1)
  5 steam dragons
  2 vampire mosquitoes (D:11)
  Menkaure (D:5)
  2 wargs (D:10)
  2 acid dragons
  7 water moccasins
  5 orc warriors
  A black bear (D:4)
  An ice beast (D:5)
  An ogre (D:7)
  A necrophage (D:4)
  9 centaurs
  4 bullfrogs
  A gnoll sergeant (D:10)
  A scorpion (D:6)
  A water moccasin zombie (D:6)
  7 killer bees
  A water moccasin skeleton (D:6)
  14 wights
  8 howler monkeys
  5 centaur zombies
  A bullfrog zombie (D:5)
  7 orc priests
  4 hounds
  3 jellies
  3 bullfrog skeletons
  2 centaur skeletons
  Natasha (thrice) (D:3)
  7 orc wizards
  2 killer bee zombies
  A hound skeleton (D:4)
  2 howler monkey zombies
  A howler monkey skeleton (D:2)
  7 gnolls
  2 adders
  A white imp (D:6)
  An ufetubus (D:7)
  3 worms
  2 dart slugs
  31 orcs
  6 ball pythons
  2 bats
  4 endoplasms
  2 giant cockroaches (D:1)
  2 goblins
  6 hobgoblins
  3 iguanas
  2 jackals (D:1)
  2 quokkas (D:2)
  2 frilled lizards (D:1)
  13 kobolds
  5 rats
257 creatures vanquished.

Vanquished Creatures (collateral kills)
  A kobold brigand (D:8)
  A kobold (D:8)
2 creatures vanquished.

Vanquished Creatures (others)
  An endoplasm (D:4)
  12 fungi (D:5)
  11 plants
24 creatures vanquished.

Grand Total: 283 creatures vanquished

Notes
Turn   | Place    | Note
-------+----------+-------------------------------------------
     0 | D:1      | lunkers the Minotaur Cinder Acolyte began the quest for the
                  | Orb.
     0 | D:1      | Reached XP level 1. HP: 19/19 MP: 1/1
   439 | D:1      | Reached XP level 2. HP: 26/27 MP: 2/2
   464 | D:1      | Learned a level 2 spell: Scorch
   741 | D:1      | Reached skill level 4 in Unarmed Combat
  1666 | D:2      | Reached XP level 3. HP: 30/33 MP: 0/3
  2038 | D:2      | Found a hazy altar of Hepliaklqana.
  2728 | D:3      | Noticed Natasha
  2730 | D:3      | Found a shimmering altar of Xom.
  3219 | D:3      | Noticed Sigmund
  3235 | D:3      | Killed Sigmund
  3236 | D:3      | Reached skill level 5 in Fighting
  3236 | D:3      | Reached skill level 6 in Unarmed Combat
  3236 | D:3      | Reached XP level 4. HP: 27/42 MP: 4/4
  3236 | D:3      | Reached XP level 5. HP: 31/48 MP: 5/5
  3809 | D:3      | Found a faded altar of an unknown god.
  4092 | D:3      | Reached XP level 6. HP: 14/56 MP: 6/6
  4437 | D:3      | Killed Natasha
  4671 | D:4      | Found a staircase to the Ecumenical Temple.
  4986 | D:4      | Reached skill level 7 in Unarmed Combat
  5151 | D:4      | Noticed Grinder
  5159 | D:4      | Reached XP level 7. HP: 59/63 MP: 2/7
  5169 | D:4      | Killed Grinder
  5170 | D:4      | Reached skill level 8 in Unarmed Combat
  5507 | D:4      | Found a transporter.
  5507 | D:4      | Noticed CraigForest's ghost (amateur DsAK)
  5645 | D:4      | Found a transporter.
  5924 | D:5      | Entered Level 5 of the Dungeon
  6426 | D:5      | Reached skill level 9 in Unarmed Combat
  6426 | D:5      | Reached XP level 8. HP: 37/73 MP: 1/8
  6827 | D:5      | Noticed Menkaure
  6834 | D:5      | Killed Menkaure
  6994 | D:5      | Found Nexkev's Antique Weapon Boutique.
  7693 | D:6      | Found Zowarph's Armour Emporium.
  7702 | D:6      | Bought a +0 cloak of willpower for 172 gold pieces
  7752 | D:6      | Reached skill level 10 in Unarmed Combat
  8120 | D:6      | Found a glowing silver altar of Zin.
  8548 | D:6      | Found a runed translucent door.
  8548 | D:6      | Found a shimmering altar of Xom.
  8548 | D:6      | Noticed olmar's ghost (novice GnDe)
  8683 | D:6      | Noticed a +2 mace of chaos
  8916 | D:7      | Reached XP level 9. HP: 82/82 MP: 9/9
  9016 | D:6      | Reached skill level 11 in Unarmed Combat
  9796 | D:7      | Noticed a two-headed ogre
  9802 | D:7      | Killed a two-headed ogre
  9803 | D:7      | Reached skill level 10 in Fighting
  9803 | D:7      | Reached skill level 12 in Unarmed Combat
  9995 | D:7      | Identified 2 scrolls of acquirement
  9995 | D:7      | Acquired the +0 pair of boots of Jigsaw {rF+ Will+ Str-5}
 10014 | D:7      | Reached XP level 10. HP: 27/94 MP: 10/10
 10431 | D:7      | Found a snail-covered altar of Cheibriados.
 10432 | D:7      | Found a burning altar of Makhleb.
 10433 | D:7      | Found an ornate altar of the Wu Jian Council.
 10435 | D:7      | Found a blossoming altar of Fedhas.
 10664 | D:7      | Reached skill level 13 in Unarmed Combat
 10909 | D:8      | Noticed a two-headed ogre
 10921 | D:8      | Killed a two-headed ogre
 11464 | D:8      | Found a staircase to the Lair.
 11501 | D:8      | Found an ancient bone altar of Kikubaaqudgha.
 12957 | D:3      | Noticed Natasha
 12964 | D:3      | Killed Natasha
 13369 | D:1      | Acquired a +0 pair of gloves of archery
 13657 | D:3      | Noticed Natasha
 13664 | D:3      | Killed Natasha
 13932 | D:9      | Reached skill level 14 in Unarmed Combat
 14200 | D:9      | Reached skill level 1 in Shields
 14358 | D:9      | Reached skill level 1 in Armour
 15397 | D:9      | Reached XP level 11. HP: 104/104 MP: 11/11
 15943 | D:10     | Entered Level 10 of the Dungeon
 16435 | D:10     | Reached skill level 5 in Shields
 17612 | D:10     | Identified the +1 chain mail of the Saviour {Drain rF+
                  | Regen+ Str+3}
 17950 | D:9      | Noticed Maurice
 17985 | D:9      | Killed Maurice
 18286 | D:10     | Reached skill level 15 in Unarmed Combat
 18323 | D:10     | Found a staircase to the Orcish Mines.
 19096 | D:11     | Noticed a five-headed hydra
 19105 | D:11     | Killed a five-headed hydra
 19106 | D:11     | Reached skill level 5 in Armour
 19603 | D:11     | Upgraded the game from 0.28-a0-384-g9e0c098162 to
                  | 0.28-a0-401-ge240ad9e29
 19967 | D:11     | Noticed a two-headed ogre
 19975 | D:11     | Killed a two-headed ogre
 19976 | D:11     | Reached XP level 12. HP: 101/113 MP: 12/12
 20510 | Lair:1   | Entered Level 1 of the Lair of Beasts
 21061 | Lair:1   | Noticed Sonja
 21063 | Lair:1   | Noticed Sonja
 21063 | Lair:1   | Sonja changed into Sonja the human
 21073 | Lair:1   | Killed Sonja the human
 21229 | Lair:1   | Found a bloodstained altar of Trog.
 21257 | Lair:1   | Noticed Urug
 21289 | Lair:1   | Slain by a cane toad

Illustrated notes

Levels and vault maps discovered:
D:1:      dpeg_arrival_round_a, layout_basic, moated_statue,
          lexackson_kobold_supper
D:2:      layout_loops_ring, basic_altar, serial_forest,
          infiniplex_forest_corner_1, infiniplex_forest_straight_3,
          infiniplex_forest_clump_double, infiniplex_forest_clump_C,
          infiniplex_forest_clump_small, infiniplex_forest_clump_cross,
          infiniplex_forest_corner_1, infiniplex_forest_end_double,
          infiniplex_forest_clump_medium, guppyfry_early_lair_pool
D:3:      layout_loops_corners, dk_xom_monty_hall,
          shapermc_ecumenical_altar_mp_highgroup, dk_noncrumbling_2,
          corexii_corridor_pit, uniq_natasha, uniq_sigmund
D:4:      minmay_inner_zag, layout_rooms, minmay_temple_entry_offerings,
          gammafunk_ghost_stat_death, uniq_grinder
D:5:      layout_loops_ring, serial_aquarium, aquarium_bridge_island_small
          [aquarium_subvault_small_water, aquarium_subvault_window,
          aquarium_subvault_balcony, aquarium_subvault_bridge,
          aquarium_subvault_balcony], aquarium_bridge_straight
          [aquarium_subvault_bridge, aquarium_subvault_balcony,
          aquarium_subvault_bridge, aquarium_subvault_wall],
          aquarium_window_corridor_1, aquarium_window_1, aquarium_view_2e,
          aquarium_view_2d, aquarium_balcony_double_1, serial_shops, shop,
          minmay_misc_feat_iff, uniq_menkaure
D:6:      layout_loops_cross, mainiacjoe_overflow_paths, ebering_ghost_xom,
          serial_shops, shop
D:7:      minmay_clustersquares, layout_rooms, mainiacjoe_overflow_alcove_3
D:8:      layout_gridville, kiku_gazebo_pond_becter, dpeg_oklobed_lair
D:9:      kb_forest_paths, layout_loops_corners, uniq_maurice
D:10:     layout_cross, david_orc_1_choice, grunt_ministairs_9,
          grunt_decor_one_mirror
D:11:     layout_small_grid
Lair:1:   layout_cellular_growth, basic_altar, grunt_megastairs_4, uniq_urug,
          uniq_sonja

Skill      XL: |  1  2  3  4  5  6  7  8  9 10 11 |
---------------+----------------------------------+-----
Fighting       | 4 5 6 7 8 10 11 12 | 12.6
Unarmed Combat | 4 6 7 9 10 12 14 15 | 15.6
Shields        | 3 8 |  8.5
Armour         | 2 5 |  5.8
Spellcasting   | |  1.0
Fire Magic     | |  2.1

Action                   |  1- 3 |  4- 6 |  7- 9 | 10-12 || total
-------------------------+-------+-------+-------+-------++-------
Melee: Unarmed           |   113 |    86 |   233 |   493 ||   925
       Headbutt          |    14 |    12 |    28 |    67 ||   121
       Punch             |       |     6 |     7 |    12 ||    25
Throw: Stone             |       |       |       |    81 ||    81
 Cast: Scorch            |    10 |     4 |    32 |     9 ||    55
Evoke: Wand              |       |       |       |     2 ||     2
  Use: Scroll            |     1 |       |    10 |    16 ||    27
       Potion            |       |       |     2 |     2 ||     4
Armor: Robe              |    24 |     9 |     6 |       ||    39
       Ring mail         |       |       |    63 |   150 ||   213
Dodge: Dodged            |    57 |    40 |   115 |   186 ||   398
Block: Other             |       |       |       |    23 ||    23
       Kite shield       |       |       |       |   215 ||   215
       Reflection        |       |       |       |     8 ||     8

Table legend: (Time is in decaauts)
 A = Elapsed time spent in this place.
 B = Non-inter-level travel time spent in this place.
 C = Inter-level travel time spent in this place.
 D = Time resting spent in this place.
 E = Time spent auto-exploring this place.
 F = Levels seen in this place.
 G = Mean time per level.
                   A        B        C        D        E       F      G
               +--------+--------+--------+--------+--------+-----+--------+
         Total |  21204 |  19973 |   1231 |   2476 |  15151 |  12 | 1767.0 |
       Dungeon |  20426 |  19196 |   1230 |   2476 |  14472 |  11 | 1856.9 |
          Lair |    778 |    778 |      0 |      0 |    679 |   1 |  778.0 |
               +--------+--------+--------+--------+--------+-----+--------+

Top non-repeatable levels by time:
     D:9: 2976 daAuts
     D:3: 2592 daAuts
    D:10: 2038 daAuts
     D:5: 1870 daAuts
     D:1: 1794 daAuts
     D:6: 1662 daAuts
    D:11: 1661 daAuts
     D:7: 1652 daAuts
     D:8: 1640 daAuts
     D:4: 1497 daAuts
     D:2: 1039 daAuts
  Lair:1: 778 daAuts
